 Dungeon Crawl Stone Soup version 0.23.2-1-ga50397a6bc (webtiles) character file.

Game seed: 10227490992234283

184 Mrkan the Poker (level 5, -7/41 HPs)
             Began as a Merfolk Gladiator on May 14, 2019.
             Mangled by an ogre
             ... wielding a +0 giant club
              (15 damage)
             ... on level 4 of the Dungeon.
             The game lasted 00:09:06 (3120 turns).

Mrkan the Poker (Merfolk Gladiator)                 Turns: 3120, Time: 00:09:06

Health: -7/41      AC:  4    Str: 14    XL:     5   Next: 63%
Magic:  5/5        EV: 15    Int:  9    God:
Gold:   250        SH:  0    Dex: 15    Spells: 4/4 levels left

rFire    . . .     SeeInvis .   a - +0 trident
rCold    . . .     Gourm    .   (no shield)
rNeg     . . .     Faith    .   b - +0 leather armour
rPois    .         Spirit   .   c - +0 helmet
rElec    .         Reflect  .   (no cloak)
rCorr    .         Harm     .   (no gloves)
MR       .....                  (no boots)
Stlth    +.........             (no amulet)
HPRegen  0.13/turn              (no ring)
MPRegen  0.09/turn              (no ring)

@: no status effects
A: change form in water, swift swim, stealthy swim
a: no special abilities


You were on level 4 of the Dungeon.
You were not hungry.

You visited 1 branch of the dungeon, and saw 4 of its levels.

You collected 250 gold pieces.

Inventory:

Hand Weapons
 a - a +0 trident (weapon)
Missiles
 d - 4 throwing nets (quivered)
Armour
 b - a +0 leather armour (worn)
 c - a +0 helmet (worn)
 s - a +1 buckler of reflection
Jewellery
 e - an uncursed ring of resist corrosion {unknown}
 j - a cursed +2 ring of slaying {unknown}
Scrolls
 h - 3 scrolls of identify {unknown}
 i - a scroll of blinking {unknown}
 k - a scroll of teleportation {unknown}
 l - a scroll of enchant weapon {unknown}
 m - a scroll of fear {unknown}
 n - a scroll of remove curse {unknown}
 o - a scroll of amnesia {unknown}
 p - a scroll of magic mapping {unknown}
Potions
 g - a potion of agility
 q - a potion of mutation {unknown}
Comestibles
 f - 7 rations


   Skills:
 + Level 3.6 Fighting
 * Level 7.0 Polearms
 - Level 2.0 Throwing
 + Level 5.3 Dodging


You had 4 spell levels left.
You didn't know any spells.
Your spell library contained the following spells:

 Spells                   Type           Power        Failure   Level  Hunger
 Animate Skeleton         Necr           N/A          45%         1    ##.....
 Apportation              Tloc           #.....       45%         1    ##.....
 Confusing Touch          Hex            #.....       45%         1    ##.....
 Summon Small Mammal      Summ           #...         45%         1    ##.....


Dungeon Overview and Level Annotations

Branches:
Dungeon (4/15)
 Temple: D:4-7

Altars:
Kikubaaqudgha
Ru
Trog


Message History

The ogre is moderately wounded.
You barely miss the ogre.
The ogre is moderately wounded.
The ogre misses you.
You hit the ogre.
The ogre is heavily wounded.
The ogre closely misses you.
You hit the ogre.
The ogre is severely wounded.
The ogre barely misses you.
You hit the ogre but do no damage.
The ogre is severely wounded.
You puncture the ogre!
The ogre is almost dead.
The ogre hits you with a +0 giant club!
* * * LOW HITPOINT WARNING * * *
You barely miss the ogre.
The ogre is almost dead.
The ogre hits you with a +0 giant club!
You die...

##### ######...######
###.............#
###########.........(.###.#
.........@O...........>#.#
.'#######'..........#.#.#
#...#...#..#########.#.#
#...#...#..... #.#
#.......##.#### #.#
###._.####.# #.#
###.......##.# #.#
#.#.†.#...#..# #.#
#.#)..#...# #.#


You could see an ogre.

Vanquished Creatures
  An orc wizard (D:4)
  A hound skeleton (D:4)
  A worker ant zombie (D:2)
  2 adders (D:3)
  4 oozes
  A worm (D:3)
  2 dart slugs
  2 leopard geckos (D:3)
  4 orcs
  2 ball pythons (D:4)
  8 giant cockroaches
  8 goblins
  3 hobgoblins
  6 jackals
  6 quokkas
  9 bats
  7 frilled lizards
  A jackal skeleton (D:4)
  5 kobolds
  A quokka skeleton (D:3)
  8 rats
82 creatures vanquished.

Notes
Turn   | Place    | Note
-------+----------+-------------------------------------------
     0 | D:1      | Mrkan the Merfolk Gladiator began the quest for the Orb.
     0 | D:1      | Reached XP level 1. HP: 16/16 MP: 1/1
   108 | D:1      | Reached XP level 2. HP: 16/23 MP: 2/2
   174 | D:1      | Reached skill level 5 in Polearms
   607 | D:1      | Reached XP level 3. HP: 18/28 MP: 3/3
  1211 | D:2      | Reached XP level 4. HP: 27/35 MP: 4/4
  1271 | D:2      | Found a bloodstained altar of Trog.
  1657 | D:3      | Reached skill level 6 in Polearms
  2081 | D:3      | Reached skill level 5 in Dodging
  2081 | D:3      | Reached XP level 5. HP: 15/41 MP: 5/5
  2859 | D:4      | Found an ancient bone altar of Kikubaaqudgha.
  2915 | D:4      | Found a sacrificial altar of Ru.
  3022 | D:4      | Reached skill level 7 in Polearms
  3053 | D:4      | Noticed an ogre
  3120 | D:4      | Mangled by an ogre

Skill      XL: |  1  2  3  4  5 |
---------------+----------------+-----
Polearms       | 5 6 7 |  7.0
Fighting       | 3 |  3.6
Dodging        | 5 |  5.3
Throwing       | |  2.0

Action                   |  1- 3 |  4- 6 || total
-------------------------+-------+-------++-------
Melee: Trident           |   107 |   176 ||   283
 Stab: Sleeping          |       |     2 ||     2
       Paralysed         |       |     2 ||     2
  Eat: Chunk             |       |     7 ||     7
Armor: Leather armour    |    30 |    22 ||    52
Dodge: Dodged            |    81 |    92 ||   173
